 Dungeon Crawl Stone Soup version 0.27.1-3-gb3d3a73c9e (webtiles) character file.

Game seed: 5019791112209990914

4352 Elvor the Destroyer (level 10, -7/59 HPs)
             Began as a Deep Elf Conjurer on Oct 6, 2021.
             Was a Believer of the Shining One.
             Killed from afar by an electric eel (10 damage)
             ... with a bolt of electricity
             ... on level 5 of the Dungeon.
             The game lasted 01:21:03 (8262 turns).

Elvor the Destroyer (Deep Elf Conjurer)             Turns: 8262, Time: 01:21:04

Health: -7/59      AC:  9    Str:  5    XL:     10   Next: 12%
Magic:  16/25      EV: 11    Int: 26    God:    the Shining One [**....]
Gold:   296        SH:  4    Dex: 13    Spells: 4/27 levels left

rFire    . . .     SeeInvis .   i - +4 short sword
rCold    . . .     Faith    .   v - +0 buckler
rNeg     + . .     Spirit   .   A - +0 leather armour
rPois    .         Reflect  .   u - +0 helmet
rElec    .         Harm     .   o - +0 cloak
rCorr    .         Rampage  .   (no gloves)
Will     ++...                  (no boots)
Stlth    +.........             (no amulet)
HPRegen  0.19/turn              e - +4 ring of protection
MPRegen  0.19/turn              l - ring of willpower

@: glowing
A: no striking features
a: Renounce Religion, Divine Shield


You were on level 5 of the Dungeon.
You worshipped the Shining One.
The Shining One was pleased with you.
You visited 2 branches of the dungeon, and saw 9 of its levels.

You collected 406 gold pieces.
You spent 110 gold pieces at shops.

Inventory:

Hand Weapons
 h - a +0 hunting sling
 i - a +4 short sword (weapon)
 k - a +1 dagger of electrocution
 m - a +3 rapier
 x - a +2 dagger of holy wrath
Missiles
 j - 233 stones
 w - 10 boomerangs
 y - 22 poisoned darts
 G - 36 sling bullets
Armour
 o - a +0 cloak (worn)
 u - a +0 helmet (worn)
 v - a +0 buckler (worn)
 A - a +0 leather armour (worn)
Jewellery
 e - a +4 ring of protection (left hand)
 l - a ring of willpower (right hand)
Wands
 a - a wand of iceblast (3)
Scrolls
 b - 4 scrolls of immolation
 p - a scroll of torment
 q - 3 scrolls of enchant armour
 z - a scroll of fog {unknown}
 C - a scroll of vulnerability {unknown}
 D - 2 scrolls of enchant weapon
 F - a scroll of acquirement {unknown}
 H - a scroll of teleportation {unknown}
Potions
 c - a potion of cancellation
 d - a potion of magic
 f - 4 potions of curing
 g - 2 potions of mutation
 n - 2 potions of haste
 r - a potion of lignification
 s - a potion of might
 t - a potion of degeneration
 B - a potion of resistance
 E - a potion of attraction {unknown}


   Skills:
 * Level 5.3 Fighting
 + Level 0.8 Short Blades
 + Level 3.7 Throwing
 + Level 3.6 Armour
 + Level 4.1 Dodging
 + Level 4.3 Stealth
 + Level 1.0 Shields
 + Level 9.4 Spellcasting
 + Level 9.6 Conjurations
 + Level 2.9 Evocations


You had 4 spell levels left.
You knew the following spells:

 Your Spells              Type           Power      Damage    Failure   Level
a - Magic Dart            Conj           100%       1d8       1%          1
b - Searing Ray           Conj           100%       3d7       1%          2
c - Lee's Rapid Deconstr  Erth           6%         3d7*      97%         5
d - Iskenderun's Mystic   Conj/Tloc      37%        2d9       16%         4
e - Iskenderun's Battles  Conj           58%        2d11      6%          5
f - Iron Shot             Conj/Erth      18%        9d4       94%         6

Your spell library contained the following spells:

 Spells                   Type           Power      Damage    Failure   Level
 Dazzling Flash           Conj/Hex       74%        N/A       4%          3
 Corona                   Hex            13%        N/A       12%         1
 Fulminant Prism          Conj/Hex       18%        3d11      16%         4
 Ensorcelled Hibernation  Hex/Ice        24%        N/A       17%         2
 Sublimation of Blood     Necr           6%         N/A       17%         2
 Wereblood                Tmut           12%        N/A       17%         2
 Gell's Gravitas          Tloc           6%         N/A       34%         3
 Lesser Beckoning         Tloc           6%         N/A       34%         3
 Teleport Other           Tloc           12%        N/A       34%         3
 Tukima's Dance           Hex            12%        N/A       34%         3
 Spellforged Servitor     Conj/Summ      18%        N/A       100%        7
 Summon Hydra             Summ           6%         N/A       100%        7


Dungeon Overview and Level Annotations

Branches:
Dungeon (8/15)             Temple (1/1) D:6
   Lair: D:8-11

Altars:
Ashenzari
Cheibriados
Dithmenos
Elyvilon
Gozag
Hepliaklqana
Kikubaaqudgha
Makhleb
Okawaru
Qazlal
Ru
Sif Muna
Trog
Uskayaw
Vehumet
Xom
Zin
The Shining One

Shops:
D:2 (   D:4 [   D:6 !


Message History

There is an open door here.
You enter the shallow water.
Moving in this stuff is going to be slow.
Casting: Iskenderun's Battlesphere (dangerous; 6% risk of failure)
Press: ? - help, Q - select action, (/) - cycle Dir - look around, f - activate You imbue your battlesphere with additional charge.
You open the door.
The electric eel shoots out a bolt of lightning at you!
The bolt of electricity hits you! x2
There is an open door here.
The electric eel shoots out a bolt of lightning at your battlesphere!
The bolt of electricity misses the electric eel.
The bolt of electricity hits you!
The bolt of electricity hits your battlesphere.
Your battlesphere completely resists.
The electric eel shoots out a bolt of lightning at you!
The bolt of electricity hits you!
Aiming: Searing Ray (safe; 1% risk of failure)
Press: ? - help, Q - select action, (/) - cycle Shift-Dir - straight line, f - electric eel
Aim: an electric eel (72% to hit)
The searing ray hits the electric eel.
The electric eel is moderately wounded. (Press . to maintain the ray.)
Your battlesphere fires!
The barrage of energy hits the electric eel!!
You kill the electric eel!
You hear a splash.
The electric eel shoots out a bolt of lightning at you!
The bolt of electricity hits you!
* * * LOW HITPOINT WARNING * * *
Okay, then.
There is an open door here.
The electric eel shoots out a bolt of lightning at you!
The bolt of electricity hits you!
* * * LOW HITPOINT WARNING * * *
The electric eel shoots out a bolt of lightning at you!
The bolt of electricity hits your battlesphere.
Your battlesphere completely resists.
The bolt of electricity hits you!
You die...

## #..#.#.###...###.#.#.........
# #..#.#............###.###.##. #
#..#.#####..####)#.#.###...#. #
#.........#.# #.##.###......
##.#.#####.## #.#####.......
#.....###.# ###.# #........
##.#.......###...# ##....... ###
#...########.##### ##...... ..#
##'##≈(?P..#@.# #####...#.
#.####.#≈≈.≈..*'#.#### #......##.
.#...#.#≈)†.....#≈#..# #.#######.
#.##.#≈#≈;.≈≈...#≈##.# #.# #.
#.##)#≈##≈;$P..##≈≈#.###.#######.
.....##≈##########≈##............
#.######≈##≈†≈≈..#..#.##.########
#.# #≈#≈≈..†..'#.####.# #.#
#.#≈..≈....#≈#..#.#


You could see 2 electric eels and a friendly battlesphere.

Vanquished Creatures
  3 centaur zombies
  A komodo dragon (D:7)
  Sigmund (D:2)
  Eustachio (D:4)
  A steam dragon (D:6)
  A water moccasin (D:6)
  Duvessa (D:4)
  An orc warrior (D:6)
  2 ogres (D:7)
  An ice beast (D:5)
  3 centaurs
  A phantom (D:6)
  Blork the orc (D:4)
  4 bullfrogs
  2 scorpions (D:5)
  Dowan (D:4)
  A wyvern zombie (D:7)
  6 killer bees
  6 wights
  4 electric eels (D:5)
  A centaur skeleton (D:7)
  4 hounds
  An iron imp (D:5)
  3 gnoll shamans
  3 orc priests
  A jelly (D:7)
  Crazy Yiuf (D:2)
  2 bullfrog skeletons
  Jessica (D:2)
  A scorpion zombie (D:5)
  Natasha (thrice) (D:3)
  6 iguanas
  2 orc wizards
  A killer bee zombie (D:8)
  A hound skeleton (D:5)
  A howler monkey zombie (D:5)
  Robin (D:3)
  7 adders
  14 gnolls
  A white imp (D:7)
  5 dart slugs
  19 orcs
  6 ball pythons
  4 bats
  4 endoplasms
  16 goblins
  8 hobgoblins
  8 quokkas
  6 frilled lizards
  2 goblin skeletons (D:5)
  A goblin zombie (D:5)
  8 kobolds
  3 kobold skeletons (D:5)
  3 kobold zombies (D:5)
  2 orc skeletons (D:5)
  2 orc zombies (D:5)
  7 rats
201 creatures vanquished.

Vanquished Creatures (others)
  9 plants
9 creatures vanquished.

Grand Total: 210 creatures vanquished

Notes
Turn   | Place    | Note
-------+----------+-------------------------------------------
     0 | D:1      | Elvor the Deep Elf Conjurer began the quest for the Orb.
     0 | D:1      | Reached XP level 1. HP: 10/10 MP: 6/6
   155 | D:1      | Reached XP level 2. HP: 15/15 MP: 6/8
   158 | D:1      | Learned a level 2 spell: Searing Ray
   238 | D:1      | Reached skill level 5 in Conjurations
   979 | D:2      | Reached XP level 3. HP: 19/19 MP: 7/9
   981 | D:2      | Found Wuafogap's Antique Weapon Shop.
  1156 | D:2      | Noticed Jessica
  1159 | D:2      | Killed Jessica
  1199 | D:2      | Reached XP level 4. HP: 24/24 MP: 2/11
  1276 | D:2      | Found a runed translucent door.
  1277 | D:2      | Noticed Crazy Yiuf
  1283 | D:2      | Killed Crazy Yiuf
  1381 | D:2      | Reached skill level 1 in Fighting
  1590 | D:2      | Noticed Sigmund
  1597 | D:2      | Killed Sigmund
  1598 | D:2      | Reached XP level 5. HP: 30/30 MP: 4/13
  1598 | D:2      | Reached XP level 6. HP: 35/35 MP: 4/14
  1969 | D:3      | Noticed Robin
  1974 | D:3      | Killed Robin
  2355 | D:3      | Noticed Natasha
  2359 | D:3      | Killed Natasha
  2707 | D:3      | Noticed Natasha
  2716 | D:3      | Killed Natasha
  2783 | D:3      | Noticed Natasha
  2786 | D:3      | Killed Natasha
  2839 | D:4      | Noticed Duvessa
  2921 | D:3      | Learned a level 5 spell: Lee's Rapid Deconstruction
  2943 | D:4      | Reached skill level 5 in Spellcasting
  2943 | D:4      | Reached XP level 7. HP: 40/40 MP: 10/16
  3227 | D:4      | Noticed Eustachio
  3390 | D:4      | Reached skill level 1 in Evocations
  3418 | D:4      | Noticed Blork the orc
  3427 | D:4      | Killed Blork the orc
  3556 | D:4      | Found Rikavoz's Armour Emporium.
  3732 | D:4      | Killed Eustachio
  3896 | D:4      | Noticed Dowan
  3911 | D:4      | Killed Duvessa
  3915 | D:4      | Killed Dowan
  3916 | D:4      | Reached XP level 8. HP: 27/46 MP: 9/19
  3975 | D:5      | Entered Level 5 of the Dungeon
  4004 | D:5      | Found a glowing golden altar of the Shining One.
  4039 | D:5      | Became a worshipper of the Shining One
  4154 | D:5      | Reached skill level 1 in Throwing
  4578 | D:5      | Reached skill level 1 in Armour
  4751 | D:5      | Found a glowing silver altar of Zin.
  4782 | D:5      | Found an ancient bone altar of Kikubaaqudgha.
  4784 | D:5      | Found a sacrificial altar of Ru.
  5136 | D:6      | Reached * piety under the Shining One
  5148 | D:6      | Reached XP level 9. HP: 12/52 MP: 12/22
  5158 | D:6      | Found a staircase to the Ecumenical Temple.
  5167 | Temple   | Entered the Ecumenical Temple
  5605 | D:6      | Found Fefec's Distillery.
  5620 | D:6      | Bought a potion of might for 44 gold pieces
  5779 | D:5      | Learned a level 4 spell: Iskenderun's Mystic Blast
  5785 | D:5      | Learned a level 5 spell: Iskenderun's Battlesphere
  5792 | D:5      | Learned a level 6 spell: Iron Shot
  5898 | D:6      | Found a shimmering altar of Xom.
  5958 | D:6      | Found a shadowy altar of Dithmenos.
  6229 | D:6      | Found a hazy altar of Hepliaklqana.
  6413 | D:6      | Bought a potion of heal wounds for 55 gold pieces
  6413 | D:6      | Bought a potion of degeneration for 11 gold pieces
  6899 | D:7      | Found an opulent altar of Gozag.
  6900 | D:7      | Found a stormy altar of Qazlal.
  7341 | D:7      | Reached skill level 5 in Fighting
  7443 | D:7      | Noticed a komodo dragon
  7482 | D:7      | HP: 2/54 [komodo dragon (30)]
  7498 | D:7      | Killed a komodo dragon
  7499 | D:7      | Reached skill level 1 in Shields
  7544 | D:8      | Found Ugruosure's Jewellery Shop.
  7812 | D:8      | Reached ** piety under the Shining One
  7817 | D:8      | Reached XP level 10. HP: 59/59 MP: 18/25
  8262 | D:5      | Killed from afar by an electric eel

Illustrated notes

Levels and vault maps discovered:
D:1:      dpeg_arrival_connections, layout_basic, minmay_statues_item,
          grunt_decor_mini_mirrors, serial_park_tiny_2, grunt_decor_resistance,
          wander_ebering_terrifying_dragon_lair
D:2:      layout_basic, serial_shops, shop_fountains, uniq_sigmund,
          uniq_jessica, uniq_crazy_yiuf_cottage
D:3:      layout_basic, kennysheep_donut, uniq_robin, uniq_natasha
D:4:      layout_gridville, serial_shops, nicolae_square_shop,
          hangedman_decor_diamond_cutter, uniq_eustachio, uniq_duvessa,
          uniq_blork_the_orc
D:5:      cheibrodos_two_vegetables, layout_loops_ring,
          nicolae_tso_besieged_by_evil, nicolae_overflow_hidden_temple
D:6:      layout_basic, brannock_xom_greatest_gift,
          worldfamousw_hep_ancestral_shrine,
          mainiacjoe_overflow_six_doors_small, minmay_temple_entry_antechambers,
          serial_shops, nicolae_shop_crystal, corexii_checkpoint_b
D:7:      layout_loops_cross, minitemple, minmay_lizard_king
D:8:      layout_cave_pools, nemelex_diamond_rough_becter, serial_shops, shop,
          minmay_shop_mayhem
Temple:   jpeg_temple_island

Skill      XL: |  1  2  3  4  5  6  7  8  9 |
---------------+----------------------------+-----
Conjurations   | 5 6 7 8 9 |  9.6
Fighting       | 1 2 3 4 5 |  5.3
Stealth        | 3 4 |  4.3
Spellcasting   | 4 5 6 7 9 |  9.4
Dodging        | 3 4 |  4.1
Evocations     | 2 |  2.9
Throwing       | 2 3 |  3.7
Armour         | 1 3 |  3.6
Shields        | 1 |  1.0
Short Blades   | |  0.8

Action                   |  1- 3 |  4- 6 |  7- 9 | 10-12 || total
-------------------------+-------+-------+-------+-------++-------
Melee: Short sword       |       |     3 |    16 |       ||    19
Throw: Dart              |       |       |    26 |       ||    26
       Boomerang         |       |       |     8 |       ||     8
 Cast: Magic Dart        |    55 |    53 |    40 |    11 ||   159
       Searing Ray       |       |    13 |    85 |     6 ||   104
       Iskenderun's Batt |       |       |     1 |     4 ||     5
Invok: Divine Shield     |       |       |       |     1 ||     1
Evoke: Wand              |       |    15 |     3 |       ||    18
  Use: Scroll            |       |       |    11 |       ||    11
       Potion            |       |       |     3 |       ||     3
Armor: Robe              |       |     4 |       |       ||     4
       Leather armour    |       |       |    30 |     5 ||    35
Dodge: Dodged            |     5 |     7 |    55 |     8 ||    75
Block: Buckler           |       |       |    17 |     2 ||    19
